 Dungeon Crawl Stone Soup version 0.26.1-11-gd32895ea62 (webtiles) character file.

Game seed: 15559288603695286717

52 ChiliTurd the Skirmisher (level 3, 0/24 HPs)
             Began as a Gargoyle Berserker on July 14, 2021.
             Was a Follower of Trog.
             Slain by a gnoll (5 damage)
             ... on level 2 of the Dungeon.
             The game lasted 00:11:31 (1644 turns).

ChiliTurd the Skirmisher (Gargoyle Berserker)       Turns: 1644, Time: 00:11:31

Health: 0/24       AC:  5    Str: 21    XL:     3   Next: 85%
Magic:  3/3        EV: 12    Int:  7    God:    Trog [*.....]
Gold:   57         SH:  0    Dex:  9    Spells: 2/2 levels left

rFire    . . .     SeeInvis .   a - +0 mace
rCold    . . .     Faith    .   (no shield)
rNeg     + . .     Spirit   .   b - +0 animal skin
rPois    ∞         Reflect  .   (no helmet)
rElec    +         Harm     .   (no cloak)
rCorr    .         Rampage  .   (no gloves)
Will     .....                  (no boots)
Stlth    +.........             (no amulet)
HPRegen  0.08/turn              (no ring)
MPRegen  0.08/turn              (no ring)

@: no status effects
A: negative energy resistance 1, electricity resistance, unbreathing,
petrification resistance, miasma immunity, AC +3
a: Renounce Religion, Berserk


You were on level 2 of the Dungeon.
You worshipped Trog.
Trog was aware of your devotion.
You visited 1 branch of the dungeon, and saw 2 of its levels.

You collected 57 gold pieces.

Inventory:

Hand Weapons
 a - a +0 mace (weapon)
 c - a +0 hunting sling
 i - a +0 mace
Missiles
 h - 16 sling bullets
Armour
 b - a +0 animal skin (worn)
 e - a +0 robe
 f - a +0 robe
 m - a +0 ring mail
Jewellery
 k - an uncursed ring of willpower {unknown}
 p - an uncursed amulet of guardian spirit {unknown}
Scrolls
 d - a scroll of random uselessness {unknown}
 g - a scroll of remove curse {unknown}
 j - 2 scrolls of noise {unknown}
 l - a scroll of enchant armour {unknown}
Potions
 n - a potion of heal wounds {unknown}
 o - a potion of curing {unknown}
 q - a potion of brilliance {unknown}
 r - a potion of attraction {unknown}


   Skills:
 + Level 3.9 Fighting
 + Level 3.5 Maces & Flails
 + Level 2.6 Armour
 - Level 1.9 Dodging
 + Level 0.6 Evocations


You had 2 spell levels left.
You didn't know any spells.
Your spell library was empty.

Dungeon Overview and Level Annotations

Branches:
Dungeon (2/15)

Altars:
The Shining One


Innate Abilities, Weirdness & Mutations

You are resistant to torment.
Your stone body is resilient. (AC +3)
You are immune to poison.
You resist negative energy. (rN+)
You are resistant to electric shocks. (rElec)
You can survive without breathing.
You are immune to petrification.
You are immune to miasma.


Message History

The gnoll hits you but does no damage. The bat closely misses you.
You hit the bat.
You kill the bat!
Trog accepts your kill. The gnoll closely misses you. x2
The gnoll hits you from afar with a +0 vorpal spear!
You hit the gnoll.
The gnoll is moderately wounded.
The gnoll hits you from afar with a +3 spear.
The gnoll hits you but does no damage. The gnoll completely misses you.
The gnoll hits you but does no damage.
You sock the gnoll!
The gnoll is severely wounded.
The gnoll barely misses you.
The gnoll hits you from afar with a +3 spear.
* * * LOW HITPOINT WARNING * * *
You closely miss the gnoll.
The gnoll is severely wounded.
The gnoll hits you but does no damage. The gnoll hits you.
You die...

......<.....#......
............#......
................#..
.......÷...........
.................).
....###............
#### #..gg.#+#....
#..#..#.#....
#..g@...# ..
#.......# #....)..#
#............
#..#.........
...............
.............##
......(........
...............


You could see 3 gnolls.

Vanquished Creatures
  3 adders (D:2)
  2 dart slugs (D:1)
  A leopard gecko (D:1)
  3 bats
  A giant cockroach (D:1)
  2 goblins (D:1)
  3 hobgoblins
  2 frilled lizards (D:1)
  3 kobolds (D:1)
  A rat (D:1)
21 creatures vanquished.

Notes
Turn   | Place    | Note
-------+----------+-------------------------------------------
     0 | D:1      | ChiliTurd the Gargoyle Berserker began the quest for the
                  | Orb.
     0 | D:1      | Reached XP level 1. HP: 14/14 MP: 1/1
   105 | D:1      | Found a glowing golden altar of the Shining One.
   430 | D:1      | Reached XP level 2. HP: 19/19 MP: 2/2
   973 | D:2      | Reached XP level 3. HP: 21/24 MP: 3/3
  1644 | D:2      | Slain by a gnoll

Illustrated notes

Levels and vault maps discovered:
D:1:      dpeg_arrival_orchard, layout_basic, minmay_misc_feat_iff, tso_altar
D:2:      layout_basic

Action                   || total
-------------------------++-------
Melee: Mace              ||   104
 Stab: Sleeping          ||     1
Armor: Animal skin       ||    42
Dodge: Dodged            ||   106
